 Dungeon Crawl Stone Soup version 0.20-a0-854-g0cc194a (webtiles) character file.

1101 Alarkh the Slasher (level 8, 61/61 HPs)
             Began as a Demonspawn Fighter on Mar 11, 2017.
             Quit the game on level 5 of the Dungeon.
             The game lasted 00:04:26 (4768 turns).

Alarkh the Slasher (Demonspawn Fighter)             Turns: 4768, Time: 00:04:27

Health: 61/61      AC: 10    Str: 18    XL:     8   Next: 10%
Magic:  8/8        EV: 13    Int: 11    God:
Gold:   134        SH:  9    Dex: 14    Spells: 7/7 levels left

rFire    + . .     SeeInvis .   a - +2 long sword
rCold    . . .     Gourm    .   b - +0 scale mail
rNeg     . . .     Faith    .   c - +0 shield
rPois    .         Spirit   +   q - +2 hat
rElec    .         Reflect  .   g - +0 cloak
rCorr    .         Harm     .   (no gloves)
MR       .....                  (no boots)
Stlth    ..........             (no amulet)
Regen    0.2/turn               (no ring)
MPRegen  0.2/turn               i - ring of protection from fire

@: very slightly contaminated, starving, repel missiles
A: talons 2, repulsion field 3, agile 1, high mp 1, magic shield
a: no special abilities


You were on level 5 of the Dungeon.
You were starving.

You visited 1 branch of the dungeon, and saw 5 of its levels.

You collected 134 gold pieces.

Inventory:

Hand Weapons
 a - a +2 long sword (weapon)
Armour
 b - a +0 scale mail (worn)
 c - a +0 shield (worn)
 d - a +1 helmet
 g - a +0 cloak (worn)
 q - a +2 hat (worn)
Jewellery
 i - a ring of protection from fire (left hand)
Scrolls
 h - a scroll of recharging {unknown}
 l - a scroll of immolation
 o - a scroll of magic mapping {unknown}
Potions
 m - a potion of magic
 n - 3 potions of mutation
 p - a potion of cancellation
 r - a potion of haste
Comestibles
 f - 4 bread rations
 j - 3 royal jellies
 k - 3 meat rations


   Skills:
 + Level 4.6 Fighting
 * Level 5.3 Long Blades
 + Level 4.4 Armour
 + Level 3.3 Dodging
 + Level 4.4 Shields


You had 7 spell levels left.
You didn't know any spells.

Dungeon Overview and Level Annotations

Branches:
Dungeon (5/15)
 Temple: D:4-7

Altars:
Trog

Shops:
D:5 }


Innate Abilities, Weirdness & Mutations

You have razor-sharp toenails.
You are surrounded by a strong repulsion field. (EV +4, RMsl)
When hurt, damage is shared between your health and your magic reserves.
You are agile. (Dex +2)
You have an increased reservoir of magic. (+10% MP)


Message History

You have reached level 8!
You feel stronger.
You start resting.
You flicker for a moment.
You start resting.
Your extra speed is starting to run out.
Unknown command.
Unknown command.
Unknown command.
You feel yourself slow down.
You flicker back into view.
Magic restored.
HP restored.
There is an open door here.
There is an entrance to Tejachix's Gadget Boutique here.
You open the door.
You are starving!
You need to eat something NOW!
You need to eat something NOW!
You need to eat something NOW!
Are you sure you want to abandon this character and quit the game? (Confirm with "yes".)

#..............
#####.#........####
#.....#..........>.
##.........#.####
#.#.....#.# #
#....##.#.#
##..###.#.#
###'####<#.#
#.'@'.##.#.#
#.....#+#....#.#
###### ####..


There were no monsters in sight!

Vanquished Creatures
  The ghost of pedritolo the Poker, a novice NaCK of Xom (D:5)
  The ghost of nht the Cleaver, an amateur HOGl of Ashenzari (D:4)
  A bullfrog (D:4)
  A hound (D:4)
  Crazy Yiuf (D:2)
  2 orc wizards (D:4)
  Terence (D:2)
  Natasha (thrice) (D:2)
  2 worker ants
  Robin (D:3)
  10 gnolls (D:4)
  5 adders
  2 worms
  3 dart slugs
  4 leopard geckos
  5 orcs
  3 giant cockroaches
  13 goblins
  6 hobgoblins
  5 jackals
  A quokka (D:4)
  2 ball pythons
  6 bats
  5 frilled lizards
  6 kobolds
  10 rats
100 creatures vanquished.

Notes
Turn   | Place    | Note
-------+----------+-------------------------------------------
     0 | D:1      | Alarkh the Demonspawn Fighter began the quest for the Orb.
     0 | D:1      | Reached XP level 1. HP: 18/18 MP: 1/1
   136 | D:1      | Reached skill level 2 in Long Blades
   338 | D:1      | Gained mutation: You have sharp toenails. [demonic ancestry]
   338 | D:1      | Reached XP level 2. HP: 22/24 MP: 2/2
   879 | D:2      | Gained mutation: You are surrounded by a mild repulsion field. (EV +2) [demonic ancestry]
   879 | D:2      | Reached XP level 3. HP: 29/29 MP: 3/3
   884 | D:2      | Noticed Natasha
   891 | D:2      | Killed Natasha
   902 | D:2      | Noticed Natasha
   910 | D:2      | Killed Natasha
   910 | D:2      | Reached skill level 1 in Dodging
   910 | D:2      | Gained mutation: When hurt, damage is shared between your health and your magic reserves. [demonic ancestry]
   910 | D:2      | Reached XP level 4. HP: 32/35 MP: 4/4
  1101 | D:2      | Noticed Natasha
  1112 | D:2      | Killed Natasha
  1391 | D:2      | Noticed Terence
  1395 | D:2      | Gained mutation: You are agile. (Dex +2) [potion of mutation]
  1395 | D:2      | Gained mutation: You have an increased reservoir of magic. (+10% MP) [potion of mutation]
  1395 | D:2      | Gained mutation: You are surrounded by a moderate repulsion field. (EV +3) [potion of mutation]
  1400 | D:2      | Killed Terence
  1400 | D:2      | Reached skill level 3 in Long Blades
  1536 | D:2      | Gained mutation: You have razor-sharp toenails. [demonic ancestry]
  1536 | D:2      | Reached XP level 5. HP: 30/41 MP: 2/5
  1834 | D:2      | Found a runed door.
  2125 | D:2      | Noticed Crazy Yiuf
  2128 | D:2      | Killed Crazy Yiuf
  2390 | D:3      | Noticed Robin
  2411 | D:3      | Killed Robin
  2444 | D:3      | Found a bloodstained altar of Trog.
  3093 | D:4      | Reached XP level 6. HP: 39/47 MP: 4/6
  3207 | D:4      | Noticed nht's ghost (amateur HOGl)
  3246 | D:4      | Killed nht's ghost
  3246 | D:4      | Reached skill level 4 in Long Blades
  3246 | D:4      | Gained mutation: You are surrounded by a strong repulsion field. (EV +4, RMsl) [demonic ancestry]
  3246 | D:4      | Reached XP level 7. HP: 14/54 MP: 2/7
  4320 | D:5      | Entered Level 5 of the Dungeon
  4334 | D:5      | Found Tejachix's Gadget Boutique.
  4336 | D:5      | Noticed pedritolo's ghost (novice NaCK)
  4665 | D:5      | Killed pedritolo's ghost
  4665 | D:5      | Reached skill level 5 in Long Blades
  4665 | D:5      | Reached XP level 8. HP: 43/61 MP: 6/8
  4768 | D:5      | Quit the game

Vault maps used:
D:1:      sevenhm_arrival_forest_fort_large_4
D:2:      uniq_crazy_yiuf_cottage, uniq_terence, uniq_natasha
D:3:      nicolae_overflow_crystal_walls, first_bread, uniq_robin
D:5:      serial_shops, kennysheep_mini

Skill      XL: |  1  2  3  4  5  6  7 |
---------------+----------------------+-----
Long Blades    | 2 3 4 5 |  5.3
Armour         | 3 4 |  4.4
Shields        | 3 4 |  4.4
Dodging        | 1 2 3 |  3.3
Fighting       | 4 |  4.6

Action                   |  1- 3 |  4- 6 |  7- 9 || total
-------------------------+-------+-------+-------++-------
Melee: Long sword        |    73 |   192 |   150 ||   415
       Kick              |    17 |    54 |    39 ||   110
  Use: Potion            |     2 |     6 |     3 ||    11
       Scroll            |       |     5 |     4 ||     9
  Eat: Chunk             |       |     8 |     3 ||    11
Armor: Scale mail        |    35 |    75 |    53 ||   163
Dodge: Dodged            |    24 |    85 |    97 ||   206
Block: Shield            |    37 |    95 |    69 ||   201
       Rpst.: Long sword |     5 |    19 |    31 ||    55
